Map: Catalyst LE

Players

AerialSheep - Winner!

  • Race: Terran Terran
  • League: Diamond
  • Spawn Location: 5:00

AMERICA

  • Race: Protoss Protoss
  • League: Diamond
  • Spawn Location: 11:00

VOD

Have the link to the VOD?

Description

Time

  • Played on: Aug. 9, 2018, 4:35 p.m.
  • Length: 14:32
Show
View Real Time Build Order
Export as new Build Order

AerialSheep Terran - Winner!

Build Orders: Cyclone Opening, MMM Bio 

Get SALT Encoding   

  12  0:01  SCV  
  13  0:13  SCV  
  14  0:18  Supply Depot  
  14  0:26  SCV  
  15  0:31  Refinery  
  15  0:40  SCV  
  16  0:49  Barracks  
  16  0:52  SCV  
  17  1:04  SCV  
  18  1:16  SCV  
  19  1:28  SCV  
  20  1:36  Reaper  
  21  1:40  Orbital Command  
  21  1:54  Command Center  
  21  2:03  Factory  
  21  2:07  SCV  
  22  2:10  Barracks Reactor  
  22  2:18  Supply Depot  
  22  2:24  SCV  
  22  2:29  Barracks  
  23  2:35  Refinery  
  23  2:40  SCV  
  24  2:49  Marine x2  
  26  2:52  SCV  
  26  2:54  Cyclone  
  30  3:02  Supply Depot  
  30  3:07  Orbital Command  
  30  3:18  SCV  
  31  3:20  Barracks Tech Lab  
  31  3:21  Marine  
  31  3:22  Marine  
  33  3:35  Widow Mine  
  33  3:38  Stimpack  
  35  3:42  Marine x2  
  35  3:43  Marine  
  35  3:47  Starport  
  38  3:49  SCV x2  
  40  3:58  Factory Reactor  
  40  4:10  Marine x2  
  40  4:11  Marauder  
  40  4:16  SCV x2  
  45  4:28  Barracks, Medivac  
  45  4:29  Command Center  
  47  4:31  SCV  
  47  4:35  SCV  
  47  4:36  Marine x2  
  51  4:42  Widow Mine  
  53  4:48  Supply Depot  
  53  4:52  Engineering Bay  
  53  4:53  SCV  
  54  5:10  SCV  
  54  5:11  Factory Reactor  
  52  5:17  Marine  
  52  5:18  Marauder, Marine  
  52  5:19  Barracks Tech Lab  
  56  5:22  SCV x2  
  56  5:25  Refinery  
  58  5:31  Terran Infantry Weapons Level 1  
  58  5:34  Missile Turret  
  57  5:39  Concussive Shells  
  57  5:40  Marine  
  57  5:41  Marauder x2, Marine  
  63  5:43  Combat Shield  
  63  5:44  Orbital Command  
  63  5:47  Barracks  
  63  5:49  SCV x2  
  65  5:52  Refinery  
  65  5:55  Medivac  
  67  6:03  Marauder, Marine x2  
  67  6:04  Marauder  
  66  6:05  SCV x2  
  66  6:21  Widow Mine x2, Marine x2  
  66  6:22  Medivac  
  66  6:25  SCV, Medivac  
  76  6:29  Supply Depot  
  76  6:31  Supply Depot  
  77  6:41  Barracks Tech Lab  
  77  6:47  Supply Depot  
  77  6:49  Supply Depot  
  77  6:50  SCV x3  
  77  6:51  Marauder x2  
  83  7:06  Medivac x2  
  87  7:09  SCV x2  
  87  7:12  Supply Depot  
  87  7:13  Supply Depot  
  89  7:21  Armory  
  89  7:22  Engineering Bay  
  89  7:23  SCV  
  89  7:24  SCV  
  89  7:25  Marine x2  
  89  7:26  Marauder x3, Terran Infantry Armor Level 1  
  89  7:27  Liberator  
  99  7:30  Liberator  
  99  7:34  Supply Depot  
  99  7:35  Orbital Command, Supply Depot  
  99  7:44  Widow Mine x2  
  109  7:53  SCV x2  
  97  8:23  Marine x2  
  97  8:24  Marauder x3  
  98  8:48  Marine x2  
  88  8:49  Marauder x3  
  83  9:06  Terran Infantry Weapons Level 2  
  83  9:09  Marine x2, Barracks  
  79  9:10  Medivac x2  
  79  9:11  SCV  
  79  9:12  SCV x2, Barracks  
  86  9:22  Marauder x3  
  86  9:23  Widow Mine x2  
  96  9:24  Terran Infantry Armor Level 2  
  96  9:32  Liberator  
  96  9:35  SCV x2, Barracks  
  96  9:36  SCV  
  99  9:39  Refinery  
  99  9:40  Refinery  
  99  9:43  Starport  
  99  9:44  Fusion Core, Marine x2  
  99  9:45  Marauder x3  
  110  9:53  SCV x3  
  110  9:59  Liberator  
  113  10:01  Barracks Tech Lab, Barracks Reactor  
  113  10:04  Marine x2  
  113  10:06  SCV x2  
  113  10:07  SCV  
  118  10:12  Supply Depot  
  118  10:13  Supply Depot  
  118  10:14  Supply Depot  
  118  10:15  Marauder x3  
  118  10:16  Command Center  
  118  10:20  SCV x3  
  118  10:21  Liberator  
  130  10:23  Starport Tech Lab  
  130  10:26  Marine  
  130  10:28  Marine  
  132  10:29  Widow Mine x2  
  132  10:33  SCV x2  
  132  10:34  SCV  
  139  10:37  Marauder x2  
  139  10:38  Marauder x2  
  150  10:43  Advanced Ballistics  
  150  10:45  Marine  
  150  10:46  Marine x3  
  150  10:49  Terran Ship Weapons Level 1  
  154  10:52  Barracks Tech Lab  
  158  10:57  Widow Mine x2  
  158  10:59  Medivac  
  160  11:04  Supply Depot  
  160  11:05  Supply Depot  
  160  11:06  Supply Depot  
  160  11:11  Supply Depot  
  160  11:15  Marine x2  
  160  11:16  Marine x2  
  164  11:26  Marauder x4  
  164  11:29  Terran Infantry Weapons Level 3  
  172  11:36  Command Center  
  172  11:52  Marine x4  
  172  11:53  Marauder  
  178  11:55  Marauder x3  
  178  11:56  Marauder  
  178  12:00  Ghost Academy  
  134  12:32  Marine x4  
  134  12:33  Marauder x2  
  134  12:34  Marauder x3  
  109  13:03  Marine x4  
  109  13:04  Marauder x4  
  109  13:05  Marauder, Liberator x3  
  116  13:20  Marine  
  116  13:21  Marine x3  
  116  13:22  Widow Mine x2  
  133  13:31  Marauder x2  
  133  13:32  Marauder x3  
  143  13:47  Marine x4  
  147  13:53  Planetary Fortress  
  147  13:57  SCV x3  
  150  14:09  Refinery  
  154  14:10  Widow Mine x2  
  154  14:11  Refinery  
Show
View Real Time Build Order
Export as new Build Order

AMERICA Protoss 

Build Orders: 1 Gate Expand, Double Forge, Blink Stalkers 

Get SALT Encoding   

  12  0:01  Probe  
  13  0:13  Probe  
  14  0:18  Pylon  
  14  0:24  Probe  
  15  0:32  Probe  
  15  0:39  Gateway  
  15  0:41  Probe  
  17  0:51  Assimilator  
  17  0:52  Probe  
  19  1:04  Probe  
  19  1:16  Probe  
  20  1:30  Nexus  
  20  1:37  Cybernetics Core  
  20  1:40  Probe  
  20  1:46  Assimilator  
  21  1:52  Probe  
  22  1:56  Pylon  
  22  2:04  Stalker  
  22  2:05  Probe  
  25  2:16  Warp Gate  
  25  2:19  Probe  
  26  2:31  Probe  
  26  2:34  Stalker  
  29  2:42  Twilight Council  
  29  2:43  Probe x2  
  31  2:54  Blink  
  31  2:55  Probe x2  
  33  3:04  Stalker  
  35  3:07  Probe x2  
  37  3:14  Gateway  
  37  3:18  Gateway  
  37  3:28  Probe  
  37  3:29  Probe  
  39  3:40  Probe  
  40  3:41  Probe  
  40  3:47  Pylon  
  41  3:52  Probe  
  41  3:54  Probe  
  43  4:04  Probe  
  44  4:12  Probe, Robotics Facility  
  45  4:24  Probe x2  
  45  4:27  Assimilator  
  45  4:30  Stalker x3  
  52  4:33  Pylon  
  52  4:45  Charge  
  52  4:52  Forge  
  52  4:55  Forge  
  52  4:57  Stalker x2, Nexus  
  56  5:01  Observer  
  57  5:14  Probe  
  57  5:21  Gateway  
  58  5:23  Gateway  
  58  5:24  Probe  
  58  5:26  Probe, Gateway  
  60  5:29  Pylon  
  60  5:31  Protoss Ground Weapons Level 1, Protoss Ground Armor Level 1  
  60  5:36  Probe  
  60  5:38  Probe  
  60  5:41  Pylon  
  62  5:48  Observer, Probe  
  64  6:01  Probe x2  
  66  6:08  Pylon  
  66  6:09  Observer  
  67  6:13  Probe x2  
  69  6:25  Probe x2  
  71  6:27  Templar Archives  
  71  6:30  Gateway  
  71  6:33  Gateway  
  71  6:37  Probe x2  
  71  6:38  Assimilator  
  73  6:42  Assimilator  
  73  6:43  Photon Cannon  
  73  6:45  Photon Cannon  
  73  6:47  Photon Cannon  
  73  6:49  Probe x2, Zealot x4  
  81  7:01  Probe x2  
  81  7:07  Zealot x2  
  87  7:12  Pylon  
  87  7:13  Probe  
  88  7:16  Zealot x4  
  96  7:22  Pylon  
  96  7:24  Photon Cannon  
  96  7:31  Zealot x2  
  100  7:43  Protoss Ground Weapons Level 2  
  100  7:44  Stalker  
  100  7:45  Stalker x2  
  100  7:46  High Templar  
  100  7:49  Psionic Storm  
  108  8:00  Pylon x2  
  108  8:02  Pylon  
  108  8:03  Zealot x3  
  108  8:04  Zealot  
  116  8:17  Zealot  
  116  8:18  Zealot x2  
  100  8:22  Zealot  
  100  8:25  High Templar  
  100  8:26  Zealot x3  
  104  8:30  Archon  
  96  8:38  Zealot  
  96  8:39  Zealot x2  
  90  8:46  Zealot x2  
  86  8:51  Zealot x2  
  80  9:05  Protoss Ground Armor Level 2  
  80  9:08  Probe x2  
  82  9:14  Robotics Facility  
  82  9:16  Robotics Bay  
  82  9:24  Probe x2  
  82  9:26  Nexus  
  82  9:28  Assimilator  
  84  9:36  Probe x2  
  86  9:39  Pylon  
  86  9:41  Gateway, Zealot  
  86  9:42  Stalker, Gateway, Zealot x2  
  86  9:43  Stalker x2, Pylon  
  98  9:50  High Templar x2  
  102  9:53  Colossus  
  108  10:11  Pylon  
  108  10:17  Photon Cannon  
  108  10:28  High Templar x2  
  112  10:36  Probe x2  
  112  10:40  Probe, Assimilator  
  112  10:41  Colossus  
  115  10:44  Assimilator, Stalker x3  
  115  10:45  Zealot x3  
  115  10:48  Probe  
  115  10:49  Probe  
  135  10:58  Probe  
  135  11:00  Protoss Ground Weapons Level 3, Pylon  
  135  11:02  Photon Cannon  
  135  11:03  Photon Cannon  
  136  11:14  Probe x2  
  136  11:15  Probe x2  
  140  11:26  Probe x2  
  140  11:28  Protoss Air Weapons Level 1  
  142  11:34  Pylon  
  142  11:40  Stargate  
  142  11:41  Colossus, Stargate  
  148  11:51  Stalker x2  
  148  11:52  Zealot x3  
  158  12:19  Stalker  
  158  12:20  Stalker x3  
  130  12:28  Stalker x2  
  130  12:29  Stalker, Zealot  
  115  12:30  Zealot x2  
  93  12:44  Zealot x3  
  93  12:45  Zealot  
  91  12:57  Zealot x4  
  91  12:58  Zealot x2  
  91  13:10  Zealot  
  91  13:11  Zealot x3  
  87  13:21  High Templar x5  
  87  13:22  High Templar  
  87  13:25  Archon x2  
  87  13:26  Archon  
  98  13:32  Zealot x4  
  110  13:52  Pylon  
  110  13:53  Zealot  
  110  13:54  Pylon, Zealot x5  
  110  13:55  Zealot  
  124  14:05  High Templar x3  
  130  14:16  Zealot x3  
  126  14:17  Zealot x2  
Tags
 
Add a new tag
Caveats
  • Supply blocks, unpowered buildings, or Contaminate may cause inaccurate times.
  • Supply counts are checked every 10 seconds.